[Event "Late-Titled-Tuesday-Blitz-February-20-2024"]
[Site "Chess.com"]
[Date "2024.02.20"]
[Round "5"]
[White "Perecke"]
[Black "crescentmoon2411"]
[Result "1-0"]
[WhiteElo "2508"]
[BlackElo "2965"]
[TimeControl "180+1"]
[EndTime "14:56:42 PST"]
[Termination "Perecke won by resignation"]

1. e4 c6 2. d4 d5 3. Nc3 dxe4 4. Nxe4 e5 5. dxe5 Qa5+ 6. c3 Qxe5 7. Qe2 Bf5 8. Ng3 Qxe2+ 9. Bxe2 Be6 10. Nf3 h6 11. Be3 Nf6 12. O-O Bd6 13. Nd4 O-O 14. Nxe6 fxe6 15.
Bc4 Nd5 16. Ne4 Be7 17. Bc5 Rf4 18. Rfe1 Rxe4 19. Rxe4 Bxc5 20. Rxe6 Nd7 21. b4 Bb6 22. b5 Nc5 23. bxc6 Nxe6 24. cxb7 Rb8 25. Bxd5 Kf8 26.
Bxe6 Rxb7 27. Kf1 Rc7 28. c4 Rc5 29. Bd5 Ra5 30. a4 Ke7 31. Ke2 Kd6 32. f4 Kc5 33. Kd3 Bc7 34. g3 Ra6 35. f5 Rb6 36. Re1 Rb3+ 37.
Kc2 Ra3 38. Re7 Ba5 39. Rxa7 Bc3 40. Be6 Bf6 41. a5 Rc3+ 42. Kd2 Ra3 43. a6 Be5 44. Ra8 Kd4 45. Rd8+ Ke4 46. Bd5+ Kxf5 47. Bb7 Bf6 48. Ra8 Bd4 49. Rf8+ Ke5 50. Re8+ Kd6 51. Rd8+ Kc5 52. Rc8+ Kb4 53. Ke2 Bc5 54. Rc7 g5 55. Rc6 h5 56.
Rh6 g4 57. Rxh5 Kxc4 58. Rg5 Ra2+ 59. Kd1 Kd3 60. Rxc5 Ra1+ 61. Rc1 Ra2 62. Rb1 Ra3 63. Bc8 Ra2 64. Bf5+ 1-0

[Event "Late-Titled-Tuesday-Blitz-February-20-2024"]
[Site "Chess.com"]
[Date "2024.02.20"]
[Round "5"]
[White "sergiochess83"]
[Black "reevecanada"]
[Result "1-0"]
[WhiteElo "2913"]
[BlackElo "2622"]
[TimeControl "180+1"]
[EndTime "14:56:44 PST"]
[Termination "sergiochess83 won by checkmate"]

1. d4 d5 2. c4 c6 3. Nc3 dxc4 4. e3 b5 5. a4 b4 6. Ne4 Qd5 7. Ng3 e5 8. Nf3 exd4 9. exd4 Bd6 10. Be2 Ne7 11.
O-O O-O 12. Re1 Be6 13. Ng5 Bxg3 14. hxg3 Nf5 15. Bg4 Nxd4 16. Nxe6 Nxe6 17. Qxd5 cxd5 18. Rxe6 fxe6 19. Bxe6+ Kh8 20. Bxd5 Nd7 21. Bxa8 Rxa8 22. Be3 Rc8 23. Bxa7 c3 24. bxc3 bxc3 25. Be3 c2 26. Kf1 Ne5 27. Ke2 Nc4 28. Bc1 Na5 29. Ra3 Rc4 30. Kd3 Kg8 31. Ra2 Kf7 32. Rxc2 Rxa4 33. Rc7+ Kg8 34. Bb2 g6 35. Rg7+ Kf8 36. Rxh7 Nc4 37. Bd4 Na3 38. Rb7 Nc4 39. f4 Ke8 40. Bc5 Na5 41. Re7+ Kd8 42. Rg7 Nb3 43. Bb6+ Ke8 44. Rxg6 Ra2 45. Be3 Rxg2 46. f5 Na1 47. g4 Nc2 48. Bc5 Ne1+ 49. Ke4 Re2+ 50. Kd5 Nd3 51. Bd6 Kf7 52. g5 Rd2 53. Rf6+ Kg7 54. Rg6+ Kf7 55. Rf6+ Kg7 56. Kc6 Rc2+ 57. Kd7 Rd2 58. Ke8 Re2+ 59. Re6 Nf2 60. Rxe2 Ng4 61. Re7+ Kg8 62. f6 Kh8 63. f7 Kh7 64. f8=Q+ Kg6 65.
Qf7+ Kxg5 66. Re6 Kh4 67. Re4 Kh3 68. Qf5 Kg2 69. Qxg4+ Kh1 70. Re1# 1-0

[Event "Late-Titled-Tuesday-Blitz-February-20-2024"]
[Site "Chess.com"]
[Date "2024.02.20"]
[Round "5"]
[White "Mikhal867"]
[Black "manitodeplomo"]
[Result "0-1"]
[WhiteElo "2430"]
[BlackElo "2651"]
[TimeControl "180+1"]
[EndTime "14:56:44 PST"]
[Termination "manitodeplomo won by resignation"]

1. c4 g6 2. d4 Bg7 3. e4 d6 4.
Nc3 Nf6 5. f3 O-O 6. Be3 c5 7.
Nge2 Nc6 8. d5 Ne5 9. Ng3 e6 10.
Be2 exd5 11. cxd5 a6 12. a4 Bd7 13. O-O b5 14. axb5 axb5 15. Rxa8 Qxa8 16. Bxb5 Bxb5 17. Nxb5 Qa6 18. Qe2 Rb8 19. Nc3 Qxe2 20. Ngxe2 Rxb2 21. Rb1 Rxb1+ 22. Nxb1 Nc4 23. Bf4 Nd7 24. Nbc3 Kf8 25. Nb5 Ke7 26. h3 h6 27. Nc1 g5 28. Bg3 h5 29. Na7 h4 30. Nc6+ Ke8 31. Be1 Nde5 32. Na7 Kd7 33. Nb3 Nd3 34. Bf2 Be5 35. Kf1 Bf4 36.
Nc6 Nde5 37. Nba5 Nxa5 38. Nxa5 Kc7 39. Ke2 Kb6 40. Nb3 Kb5 41. Be1 Nc4 42. Kd3 Ne3 43. Ke2 Nxg2 44. Bf2 Be5 45. Nd2 Nf4+ 46. Kd1 Nxh3 47. Be3 Bf4 48. Nf1 Kc4 49. Ke2 Bxe3 50. Nxe3+ Kd4 51. Nf5+ Ke5 52. Nh6 Nf4+ 53. Ke3 h3 54.
Nxf7+ Kf6 55. Nh6 c4 56. Ng4+ Kg6 57. Kd4 Kh5 58. Kxc4 Kh4 59. e5 dxe5 60. d6 Kg3 61. d7 Ne6 62. Kd5 Nd8 63. Kxe5 Kxf3 64. Nh2+ Kg3 65.
Kf6 Kxh2 66. Ke7 Nb7 67. Kf6 g4 0-1

[Event "Late-Titled-Tuesday-Blitz-February-20-2024"]
[Site "Chess.com"]
[Date "2024.02.20"]
[Round "5"]
[White "thechesscorner64"]
[Black "vanyakuba"]
[Result "0-1"]
[WhiteElo "2520"]
[BlackElo "2393"]
[TimeControl "180+1"]
[EndTime "14:56:44 PST"]
[Termination "vanyakuba won by checkmate"]

1. e4 d5 2. exd5 Qxd5 3. Nf3 Nf6 4. d4 Bg4 5. Be2 Nc6 6. h3 Bh5 7. c4 Qd6 8. Be3 O-O-O 9. O-O Bxf3 10. Bxf3 Nxd4 11.
Nc3 e6 12. Bxd4 Qxd4 13. Qb3 Qb6 14. Qa4 Bc5 15. Rab1 Rd2 16. b4 Bd4 17. c5 Qa6 18.
Qb3 Rd8 19. c6 b6 20. a4 Bxc3 21. Qxc3 Qd3 22. Qe5 Qd4 23. Qb5 Qd3 24. Qe5 Qd4 25. Qg5 Nd5 26. a5 Nc3 27. Ra1 b5 28. a6 h6 29. Qh5 Qf6 30. Kh1 g5 31. Rac1 Nd5 32.
Bxd5 R2xd5 33. Qe2 Qd4 34. Rcd1 Qf4 35. Rxd5 Rxd5 36.
g3 Qc4 37. Qe1 Qd3 38. Kg1 Qd2 39. Qe4 Qd3 40. Qg4 Qf5 41. Qe2 Qe5 42. Qh5 Qf5 43. Qxh6 Rd8 44. Qh5 Qf6 45. Qg4 Qf5 46. Qe2 Qd5 47. Qe3 Kb8 48. Re1 Qd4 49. Qxg5 Qd5 50. Re3 Qd1+ 51. Kg2 Qd5+ 52. Rf3 Qxg5 53. Rxf7 Qd5+ 54.
Kh2 e5 55. Rd7 Rxd7 56. cxd7 Qxd7 57. h4 Qd2 58. h5 Qxf2+ 59. Kh3 e4 60. Kg4 Qf3+ 61.
Kh4 e3 62. g4 e2 63. Kg5 e1=Q 64. h6 Qe5+ 65. Kg6 Qxg4+ 66. Kh7 Qe7+ 67. Kh8 Qf6+ 68. Kh7 Qgg6# 0-1

[Event "Late-Titled-Tuesday-Blitz-February-20-2024"]
[Site "Chess.com"]
[Date "2024.02.20"]
[Round "5"]
[White "emeli_chess"]
[Black "ArtemDyachuk"]
[Result "0-1"]
[WhiteElo "2423"]
[BlackElo "2649"]
[TimeControl "180+1"]
[EndTime "14:56:45 PST"]
[Termination "ArtemDyachuk won on time"]

1. d4 d5 2. c4 e6 3. Nc3 c6 4. e3 Nf6 5. Nf3 Bd6 6. Bd3 O-O 7. O-O Nbd7 8. e4 dxe4 9. Nxe4 Nxe4 10. Bxe4 Nf6 11. Bc2 b6 12. Qe2 Bb7 13. c5 Be7 14.
Rd1 bxc5 15. dxc5 Qa5 16. Rd4 Bxc5 17. Rh4 Rfd8 18. b4 Bxb4 19. Bb2 Ba6 20. Qe3 Bd2 21.
Nxd2 Qxd2 22. Bxf6 Qxe3 23. fxe3 gxf6 24. Bxh7+ Kf8 25.
Rc1 Rd6 26. Be4 Ke7 27. Rxc6 Rxc6 28. Bxc6 Rc8 29. Bf3 Rc1+ 30. Kf2 Rc2+ 31. Kg3 Rxa2 32. Rh8 Bb5 33. h4 Ra1 34. h5 Rh1 35. Ra8 a6 36.
Ra7+ Kf8 37. Kf4 Kg7 38. g4 Rg1 39. Bb7 e5+ 40. Kf3 Bd7 41. Bd5 Bxg4+ 42. Kf2 Rd1 43. Bxf7 Kh6 44. Rxa6 Kg5 45. Be8 Rd8 46. Bg6 Rd2+ 47.
Kg3 Re2 48. e4 Re3+ 49. Kf2 Rh3 50. Rb6 Bxh5 51. Bxh5 Rxh5 52. Re6 Rh4 53. Kf3 Rh3+ 54. Kf2 Rc3 55. Rd6 Rc4 56. Kf3 Rc1 57.
Ke3 Re1+ 58. Kf3 Rf1+ 59. Ke3 Kg4 60. Rd8 Rf3+ 61. Ke2 Kf4 0-1

[Event "Late-Titled-Tuesday-Blitz-February-20-2024"]
[Site "Chess.com"]
[Date "2024.02.20"]
[Round "5"]
[White "Hasangatin_Ramil"]
[Black "Msb2"]
[Result "0-1"]
[WhiteElo "2675"]
[BlackElo "3008"]
[TimeControl "180+1"]
[EndTime "14:56:47 PST"]
[Termination "Msb2 won on time"]

1. e4 e6 2. d3 d5 3. Qe2 Nc6 4. Nf3 e5 5. c3 Nf6 6. g3 dxe4 7.
dxe4 a5 8. Bg2 Bc5 9. O-O O-O 10.
Nh4 Bg4 11. Bf3 Be6 12. Be3 Qe7 13. Nd2 Rad8 14. Nf5 Bxf5 15. exf5 e4 16. Bxc5 Qxc5 17. Nxe4 Qxf5 18. Nxf6+ Qxf6 19. Bxc6 Qxc6 20. Rad1 Rde8 21. Qd2 h5 22. h4 g6 23. Rfe1 Qb6 24. b3 Qc5 25.
Rxe8 Rxe8 26. Re1 Rxe1+ 27. Qxe1 Kg7 28. c4 b6 29. Qc3+ Kg8 30. Kf1 Qc6 31. Ke2 a4 32. b4 Qe4+ 33. Kd2 Qb1 34. a3 Qa2+ 35. Ke3 c5 36. bxc5 bxc5 37. Qd3 Qb2 38. f3 Kg7 39. Ke4 Qf2 40. Kd5 Qxg3 41. Kxc5 Qxh4 42. Kb5 Qg5+ 43. c5 h4 44. Qd4+ Kg8 45. f4 Qe7 46. c6 h3 47. Qd7 Qe2+ 48. Kb6 Qe3+ 49. Ka6 h2 50. c7 h1=Q 51. c8=Q+ Kg7 52. Qb5 Qhe4 53. Qc7 Qe6+ 54. Qcb6 Q3xb6+ 55. Qxb6 Qxb6+ 56. Kxb6 f5 57. Kb5 g5 58.
Kxa4 g4 0-1

[Event "Late-Titled-Tuesday-Blitz-February-20-2024"]
[Site "Chess.com"]
[Date "2024.02.20"]
[Round "5"]
[White "ahkashefi2800"]
[Black "pavet"]
[Result "0-1"]
[WhiteElo "2545"]
[BlackElo "2749"]
[TimeControl "180+1"]
[EndTime "14:56:49 PST"]
[Termination "pavet won by checkmate"]

1. Nf3 Nf6 2. g3 g6 3. Bg2 Bg7 4. O-O O-O 5. c4 d5 6. d3 c6 7. Nc3 dxc4 8. dxc4 Qa5 9. Qc2 Na6 10.
a3 Qh5 11. b4 Bh3 12. Bb2 Nc7 13. Rad1 Ne6 14. Nb1 Ng4 15. Bxg7 Kxg7 16. Nbd2 a5 17. Rfe1 axb4 18. axb4 Rfd8 19. Nf1 Bxg2 20. Kxg2 Nf6 21. Qc3 Qf5 22. Ne3 Qe4 23. Kg1 h5 24. h4 Rxd1 25.
Rxd1 Ra2 26. Rd2 Qb1+ 27. Rd1 Qb2 28. Qxb2 Rxb2 29. b5 cxb5 30. cxb5 Rxe2 31. Nd4 Nxd4 32. Rxd4 Rb2 33. Rc4 Rxb5 34. Rc7 e6 35. Nc4 Rb1+ 36. Kg2 Rc1 37. Rc8 b5 38. Nd6 Rxc8 39. Nxc8 b4 40. Nb6 Nd5 41. Nc4 Kf6 42. Kf3 Kf5 43.
Ke2 e5 44. Kd3 f6 45. f3 g5 46. hxg5 fxg5 47. Nd6+ Ke6 48. Ne4 Kf5 49. Nd6+ Kg6 50. Ne4 h4 51. gxh4 gxh4 52. Nf2 b3 53. Ne4 Kf5 54. Nf2 Kf4 55. Ke2 Nc3+ 56. Kd3 Kxf3 57. Nh3 Nd5 58. Ng5+ Kg2 59. Ke2 b2 60. Ne4 b1=Q 61.
Nd2 Nf4+ 62. Ke3 Qd3# 0-1

[Event "Late-Titled-Tuesday-Blitz-February-20-2024"]
[Site "Chess.com"]
[Date "2024.02.20"]
[Round "5"]
[White "JonSnowNW1"]
[Black "AndresDelgado77"]
[Result "1-0"]
[WhiteElo "2500"]
[BlackElo "2271"]
[TimeControl "180+1"]
[EndTime "14:56:49 PST"]
[Termination "JonSnowNW1 won on time"]

1. e4 e6 2. d4 d5 3. Nc3 Nf6 4. e5 Nfd7 5. f4 c5 6. Nf3 Nc6 7. Be3 cxd4 8. Nxd4 Qb6 9. Qd2 Qxb2 10. Rb1 Qa3 11. Ncb5 Qxa2 12. Qc1 Qa5+ 13. Bd2 Qd8 14. Bd3 Nxd4 15. Nxd4 Nxe5 16. fxe5 Qh4+ 17. g3 Qxd4 18. Bb5+ Kd8 19. Bg5+ Kc7 20. Be3 Qc3+ 21. Kf1 Ba3 22. Qe1 Qxe1+ 23. Kxe1 a6 24. Bd3 b5 25. Rf1 Rf8 26.
Ke2 h6 27. Ra1 Bb2 28. Ra2 Bxe5 29. Bxb5 Bb7 30. Bd3 d4 31. Bd2 f5 32. Ba5+ Kd7 33.
Rb2 Rfb8 34. g4 g6 35. gxf5 gxf5 36. Rbb1 Bc6 37. Rbe1 Bxh2 38. Kd2 Bg3 39. Re2 Bh4 40. Bc4 Bg5+ 41. Kd3 Be4+ 42. Rxe4 fxe4+ 43. Kxe4 Rf8 44. Rb1 Rf4+ 45. Ke5 Raf8 46. Rb7+ Kc8 47. Rc7+ Kb8 48.
Bxe6 R4f6 49. Rc6 Bf4+ 50. Kd5 Rd8+ 51. Kc4 1-0

[Event "Late-Titled-Tuesday-Blitz-February-20-2024"]
[Site "Chess.com"]
[Date "2024.02.20"]
[Round "5"]
[White "mbojan"]
[Black "BilodeauA"]
[Result "1/2-1/2"]
[WhiteElo "2889"]
[BlackElo "3035"]
[TimeControl "180+1"]
[EndTime "14:56:51 PST"]
[Termination "Game drawn by repetition"]

1. e4 e5 2. Nf3 Nc6 3. Bb5 a6 4. Ba4 d6 5. O-O Bd7 6. c4 Nge7 7. d4 Ng6 8. Nc3 Be7 9. dxe5 dxe5 10. Nd5 O-O 11.
Be3 f5 12. exf5 Bxf5 13. Nxe7+ Qxe7 14. Qd5+ Be6 15. Qc5 Qxc5 16. Bxc5 Rfd8 17. Bxc6 bxc6 18. b3 Bg4 19. Ng5 Nf4 20. Be3 Ne2+ 21. Kh1 Bf5 22. Nf3 Re8 23. Rfd1 Bg4 24. Rd2 Nc3 25. h3 Bf5 26.
Ng5 h6 27. Rc1 Nxa2 28. Rxa2 hxg5 29. Rca1 Reb8 30. Rxa6 Rxa6 31. Rxa6 Rxb3 32. Bxg5 Bd7 33. Be3 Rc3 34. c5 Kf7 35. Ra7 Ke6 36. Rxc7 Rc2 37. Ra7 g6 38. Kh2 Rb2 39. Kg3 Rb1 40. Ra2 Rd1 41. Rb2 Kf6 42. Rb7 Be6 43. h4 Bd5 44. Kg4 Be6+ 45. Kg3 Bd5 46. Rc7 Rg1 47. f3 Rb1 48.
Bg5+ Kf5 49. Re7 e4 50. Kh3 Rh1+ 51. Kg3 exf3 52. gxf3 Rf1 53. f4 Rf3+ 54. Kh2 Kg4 55. Kg1 Bc4 56. Re1 Kg3 57. f5 gxf5 58. Re3 Rxe3 59. Bxe3 Kxh4 60. Kf2 Kg4 61. Bd4 f4 62. Be5 Kf5 63. Bd6 Ke4 64. Bf8 Bd5 65. Be7 Kd4 66. Bf8 Kd3 67. Bd6 f3 68. Be7 Kc4 69. Bd6 Kb5 70. Be7 Kc4 71. Bd6 Kb5 72. Be7 Kc4 1/2-1/2

[Event "Late-Titled-Tuesday-Blitz-February-20-2024"]
[Site "Chess.com"]
[Date "2024.02.20"]
[Round "5"]
[White "The_Straightforward_Rook"]
[Black "Doomfist26"]
[Result "1-0"]
[WhiteElo "2475"]
[BlackElo "2644"]
[TimeControl "180+1"]
[EndTime "14:56:53 PST"]
[Termination "The_Straightforward_Rook won by resignation"]

1. Nf3 Nf6 2. d4 g6 3. Nbd2 Bg7 4. e4 O-O 5. Bd3 d6 6. O-O c5 7. c3 cxd4 8. cxd4 Nc6 9. Re1 Nd7 10. d5 Nce5 11. Nxe5 Nxe5 12. Bf1 h5 13. h3 Nd7 14.
Nb3 Nf6 15. Bg5 Nh7 16. Bc1 Bd7 17. Nd4 Rc8 18. Be3 a6 19. f4 Nf6 20. Bf2 b5 21.
Qf3 Nh7 22. Rad1 Qa5 23. a3 b4 24. e5 bxa3 25. Qxa3 Qxa3 26. bxa3 Rc3 27. Rd3 Rfc8 28. Nc6 Rxd3 29. Nxe7+ Kh8 30. Bxd3 Rc3 31. Bxa6 Rxa3 32.
Bb7 g5 33. e6 fxe6 34. dxe6 Be8 35. Bc6 Bxc6 36. Nxc6 Ra8 37. e7 Re8 38. fxg5 Nxg5 39. Rb1 Kg8 40. Bh4 Ne6 41. Nd8 Nf4 42. Rb8 Ng6 43.
Bg5 Bd4+ 44. Kf1 Ba7 45. Ra8 Bb6 46. Rb8 Ba7 47. Rb7 Bd4 48. Ne6 Be5 49. Nc7 Rxe7 50. Bxe7 Nxe7 51. Ne6 Kf7 52. Ng5+ Kf6 53. Ne4+ Ke6 54.
Ng5+ Kf6 55. Nf3 Bf4 56. Ke2 Nf5 57. Rb6 Ke6 58. Ra6 Bg3 59. Kd3 Bf4 60. Nd4+ Nxd4 61. Kxd4 Be5+ 62. Ke4 h4 63. Ra8 Bg3 64. Rh8 Kf6 65.
Rh6+ Kg7 66. Re6 Kf7 67. Kf5 Bh2 68. Rf6+ Ke7 69. Rh6 Bg3 70. Kg5 Kd7 71. Rxh4 Bxh4+ 72. Kxh4 Kc6 73. Kg3 Kc5 74. Kf2 Kc4 75. Ke2 Kc3 76.
Kd1 Kd3 77. h4 Ke4 78. g4 Kf4 79. h5 Kg5 80. Kd2 Kh6 81. Kd3 Kg5 82. Kd4 Kh6 83. Kd5 Kg5 84. Kxd6 Kxg4 85. h6 1-0

[Event "Late-Titled-Tuesday-Blitz-February-20-2024"]
[Site "Chess.com"]
[Date "2024.02.20"]
[Round "5"]
[White "katharinareinecke"]
[Black "rachidhuilda"]
[Result "0-1"]
[WhiteElo "1983"]
[BlackElo "2353"]
[TimeControl "180+1"]
[EndTime "14:56:53 PST"]
[Termination "rachidhuilda won on time"]

1. e4 d5 2. exd5 Qxd5 3. Nc3 Qa5 4. d3 c6 5. Bd2 Qc7 6. g3 Nf6 7. Bg2 g6 8. Nf3 Bg7 9. O-O O-O 10. Rb1 b6 11. Re1 Bb7 12. Ne4 Nbd7 13. Bc3 Rfe8 14. Qd2 Rad8 15. b3 c5 16. Re2 Nxe4 17. dxe4 Ne5 18. Qe1 Ba6 19. Bxe5 Bxe5 20. Re3 Bd4 21.
Nxd4 cxd4 22. Rf3 e5 23. g4 h6 24. h4 Rc8 25. Rc1 d3 26. c4 Red8 27. Qd2 Qe7 28.
Rxd3 Qxh4 29. Rd1 Rxd3 30. Qxd3 Qxg4 31. Qd7 Qxd7 32. Rxd7 Rc5 33. Rxa7 Bc8 34. Re7 Kg7 35. Kh2 Be6 36. Bh3 Bxh3 37. Kxh3 b5 38. cxb5 Rxb5 39. Ra7 Rc5 40. Kg3 Kf6 41. a4 Rc3+ 42. f3 Rxb3 43.
a5 Ra3 44. a6 h5 45. Ra8 g5 46. a7 g4 47. Kg2 gxf3+ 48. Kf2 h4 49. Rh8 Rxa7 50. Kxf3 Ra3+ 51. Kg2 h3+ 52. Kh2 Kg5 53. Rg8+ Kf4 54. Rf8 Kxe4 55. Rxf7 Kd4 56. Re7 e4 57. Re8 Rf3 58. Rd8+ Ke3 59. Ra8 Kd4 60. Ra4+ Ke5 61. Ra5+ Kf4 62. Ra8 Rf2+ 63. Kxh3 Ke3 64. Ra3+ Kf4 0-1

[Event "Late-Titled-Tuesday-Blitz-February-20-2024"]
[Site "Chess.com"]
[Date "2024.02.20"]
[Round "5"]
[White "SouS007"]
[Black "alexrustemov"]
[Result "0-1"]
[WhiteElo "2490"]
[BlackElo "2871"]
[TimeControl "180+1"]
[EndTime "14:56:57 PST"]
[Termination "alexrustemov won by checkmate"]

1. e4 e6 2. d4 d5 3. Nc3 dxe4 4. Nxe4 Bd7 5. Nf3 Bc6 6. Bd3 Nd7 7. O-O Ngf6 8. Ng3 Be7 9. Re1 O-O 10. c3 b6 11. Bf4 Bb7 12. Ne5 c5 13. Nxd7 Qxd7 14. Be5 cxd4 15. Bxd4 Qc6 16. Ne4 Rfd8 17. Nxf6+ Bxf6 18. Be4 Qc7 19. Qf3 Bxe4 20. Rxe4 Bxd4 21. Rxd4 Rxd4 22.
Qxa8+ Qd8 23. Qf3 Rd3 24. Qg4 Rd2 25. h3 Rxb2 26. Rd1 Rd2 27. Rxd2 Qxd2 28. Qa4 Qe1+ 29.
Kh2 Qe5+ 30. g3 Qb8 31. Qd7 g6 32. c4 h5 33. h4 Kg7 34. Qd4+ Kg8 35. Qd7 a6 36. a4 a5 37. Qd4 Qc7 38. Kg1 Qc5 39. Qd3 Qb4 40. Qd8+ Kg7 41. Qd4+ Kh7 42. Qd7 Qe1+ 43.
Kg2 Qe4+ 44. Kg1 Qf5 45. Qc7 Qb1+ 46. Kh2 Kg8 47. Qd8+ Kg7 48. Qd4+ Kh7 49. Qd7 Qf5 50. Kg1 Qf6 51. Qc7 Kg7 52. Qxb6 Qa1+ 53. Kg2 Qxa4 54. Qd4+ Kg8 55. Qd8+ Kh7 56. Qc7 Qe8 57. Qxa5 Qc6+ 58. Kh2 Qxc4 59. Qa7 e5 60. Kg1 Qe6 61. Kh2 Kg7 62.
Kg1 Kf6 63. Kg2 Kf5 64. Kg1 Qd5 65. Qc7 Kg4 66. Qc8+ f5 67. Qa6 Qf3 68. Qxg6+ Kh3 69. Kf1 Qd1# 0-1

[Event "Late-Titled-Tuesday-Blitz-February-20-2024"]
[Site "Chess.com"]
[Date "2024.02.20"]
[Round "5"]
[White "NCchamp"]
[Black "Marcin"]
[Result "1-0"]
[WhiteElo "2338"]
[BlackElo "2500"]
[TimeControl "180+1"]
[EndTime "14:56:57 PST"]
[Termination "NCchamp won on time"]

1. d4 Nf6 2. Bg5 e6 3. e4 h6 4. Bxf6 Qxf6 5. c3 d6 6. Bd3 g6 7. Nd2 Bg7 8. Qe2 Nd7 9. Ngf3 O-O 10. O-O b6 11. a4 Bb7 12. a5 Rab8 13. axb6 axb6 14. Ra7 e5 15. Ba6 Bxa6 16. Qxa6 Rfc8 17.
Nc4 exd4 18. cxd4 Nf8 19. Re1 Ne6 20. e5 dxe5 21. Ncxe5 Nf4 22. Nd7 Qf5 23. Nxb8 Rxb8 24.
Ra8 Rxa8 25. Qxa8+ Kh7 26. Qe4 Qf6 27. Ne5 c5 28.
dxc5 bxc5 29. Nd7 Qg5 30. b3 Ne6 31. Ne5 Nd4 32. Nf3 Nxf3+ 33. Qxf3 Kg8 34. Re8+ Kh7 35. g3 Bf6 36. Qb7 Kg7 37. Rc8 Bd4 38. Qf3 Qe5 39.
Rc6 h5 40. Kg2 Kg8 41. Rc8+ Kg7 42. Ra8 Qe7 43. Rb8 h4 44. Rb7 Qe6 45. gxh4 Kh6 46.
Qf4+ Kg7 47. h5 Qd5+ 48. Qf3 Qg5+ 49. Qg3 Qd5+ 50. Qf3 Qg5+ 51. Kh3 Bf6 52. Qg4 Qd5 53. hxg6 Qxb7 54. gxf7+ Kxf7 55. Qh5+ Ke6 56. Qg4+ Kd6 57. Qf4+ Be5 58. Qh6+ Kd7 59. Qh7+ Kc6 60. Qe4+ 1-0

[Event "Late-Titled-Tuesday-Blitz-February-20-2024"]
[Site "Chess.com"]
[Date "2024.02.20"]
[Round "5"]
[White "Real_taiatai"]
[Black "HamedWafa4"]
[Result "0-1"]
[WhiteElo "2453"]
[BlackElo "2734"]
[TimeControl "180+1"]
[EndTime "14:56:58 PST"]
[Termination "HamedWafa4 won by resignation"]

1. e4 e5 2. Nf3 Nc6 3. Bb5 a6 4. Ba4 Nf6 5. O-O Be7 6. d3 d6 7. c3 O-O 8. Re1 h6 9. Nbd2 b5 10. Bc2 Nb8 11. Nf1 Nbd7 12. a4 Bb7 13.
Ng3 Re8 14. Nf5 Bf8 15. h3 Kh7 16. d4 g6 17. Ng3 c5 18. b3 Bg7 19. Bb2 Qc7 20. Bd3 c4 21. Bf1 exd4 22. Nxd4 bxa4 23.
Bxc4 Ne5 24. Rxa4 Nxc4 25. Rxc4 Qe7 26. h4 d5 27. Ra4 Nxe4 28. h5 Qg5 29. Nf3 Qf6 30.
Rb4 Re7 31. Ba3 Qxc3 32. Rb6 Qc7 33. Bxe7 Qxb6 34. hxg6+ fxg6 35. Nxe4 dxe4 36. Nh4 Re8 37. Qd7 Qc6 38. Qxc6 Bxc6 39. Bc5 Rb8 40. b4 Bc3 41. Rc1 Bf6 42. g3 Rc8 43. Ng2 Bb5 44. Ne3 Be7 45. Nd5 Bg5 46. Rd1 Rd8 47. Nc3 Rxd1+ 48. Nxd1 Kg7 49. Ne3 Bf6 50. Nd5 Kf7 51. Nxf6 Kxf6 52.
Kg2 Kf5 53. Be3 h5 54. Bc5 Be2 55. Kg1 Bf3 56. Kf1 Ke5 57. Kg1 Kd5 58. Kh2 a5 59.
Bf8 a4 60. Bg7 Kc4 61. Bf8 a3 62. b5 a2 63. Bg7 Kxb5 64. Kh3 Bg4+ 65. Kh4 Bf5 66.
Kg5 Kc4 67. Kf4 Kb3 68. Ke3 Kc2 69. f3 exf3 70. Kxf3 Kb1 71. Kf4 a1=Q 72. Kg5 Qxg7 0-1

[Event "Late-Titled-Tuesday-Blitz-February-20-2024"]
[Site "Chess.com"]
[Date "2024.02.20"]
[Round "5"]
[White "LyonBeast"]
[Black "TenisMaster"]
[Result "0-1"]
[WhiteElo "3152"]
[BlackElo "2970"]
[TimeControl "180+1"]
[EndTime "14:57:01 PST"]
[Termination "TenisMaster won by resignation"]

1. e4 d5 2. exd5 Qxd5 3. Nc3 Qa5 4. Nf3 Nf6 5. Bc4 Bf5 6. O-O e6 7. d3 c6 8. Bf4 Nbd7 9. Re1 Be7 10. h3 O-O 11. Nd4 Rfe8 12. Nxf5 Qxf5 13. Bg3 a5 14. a3 Nd5 15. Ne4 Ne5 16. Ba2 Rad8 17. d4 Ng6 18.
c3 Nf6 19. Bb1 Nxe4 20. Bxe4 Qb5 21. Qc2 Bd6 22. a4 Qb6 23. Bxd6 Rxd6 24. Rad1 Red8 25. g3 R6d7 26. h4 Nf8 27. Bf3 h6 28. Re5 Qc7 29.
Rde1 Rd6 30. R5e3 Nd7 31. Kg2 Nf6 32. Qb3 b6 33. Qc4 c5 34. Re5 Nd5 35. dxc5 Qxc5 36. Qxc5 bxc5 37. R1e2 Rc8 38. Bxd5 Rxd5 39. Rxd5 exd5 40.
Re5 Rd8 41. Kf1 f6 42. Re7 Rb8 43. Rd7 Rxb2 44. Rxd5 Ra2 45. Rxc5 Rxa4 46. Ke2 Ra2+ 47. Ke3 a4 48. Ra5 a3 49. h5 Ra1 50. Kd4 a2 51. Kc4 Kf7 52. f4 Rh1 53. Rxa2 Rxh5 54. Re2 Rh3 55. Re3 h5 56. Kd4 h4 57. gxh4 Rxh4 58.
Re4 f5 59. Re3 Rxf4+ 60. Ke5 Rf1 61. c4 g5 62. c5 Rc1 63. Kd6 f4 64. Re7+ Kf6 65.
Re6+ Kf5 66. Re5+ Kg4 67. c6 f3 68. Re4+ Kg3 69. Re3 g4 70. c7 Kg2 71. Re4 g3 72. Re5 f2 0-1

[Event "Late-Titled-Tuesday-Blitz-February-20-2024"]
[Site "Chess.com"]
[Date "2024.02.20"]
[Round "5"]
[White "Mikasinski"]
[Black "Angry_Twin"]
[Result "0-1"]
[WhiteElo "2682"]
[BlackElo "2981"]
[TimeControl "180+1"]
[EndTime "14:57:01 PST"]
[Termination "Angry_Twin won by resignation"]

1. e4 c5 2. Nf3 d6 3. d4 cxd4 4. Nxd4 Nf6 5. Nc3 a6 6. Rg1 h5 7. h3 e5 8. Nb3 h4 9. Be3 Be6 10. Qd2 Nbd7 11. O-O-O b5 12. Bd3 Be7 13. f4 Rc8 14. Kb1 Nb6 15. f5 Nc4 16. Qf2 Nxe3 17. Qxe3 Bc4 18. Bxc4 Rxc4 19. Nd5 Nxd5 20. Rxd5 Bg5 21.
Qa7 O-O 22. Qxa6 Rxe4 23. Rxd6 Qc7 24. Rc6 Qd7 25. a3 b4 26. Rf1 bxa3 27. Nc5 Qd4 28.
Qxa3 Re2 29. Qf3 Re3 30. Qd1 Qc4 31. b3 Qc3 32. Rc7 Ra8 33. Na6 Qa5 34. Rc6 Rxa6 35.
Rxa6 Qxa6 36. f6 gxf6 37. Rf3 Rxf3 38. Qxf3 Qb5 39. Kb2 Qc5 40. Qc3 Qxc3+ 41. Kxc3 f5 42. Kd3 Bd8 43. Kc4 Kf8 44. Kd5 f6 45. c4 Ke7 46. c5 Ba5 47. Kc4 f4 48. b4 Bxb4 49.
Kxb4 e4 50. Kc3 f5 51. Kd4 Kd7 52. Kc3 Kc6 53. Kd4 Kc7 54. Kc3 Kd7 55. Kc4 Ke6 56.
Kd4 Kf6 57. Kd5 f3 58. c6 fxg2 59. c7 g1=Q 60. c8=Q Qd1+ 61. Kc6 Qc1+ 62. Kd7 Qxc8+ 63. Kxc8 e3 0-1

[Event "Late-Titled-Tuesday-Blitz-February-20-2024"]
[Site "Chess.com"]
[Date "2024.02.20"]
[Round "5"]
[White "Cambek64"]
[Black "Agentxya"]
[Result "1-0"]
[WhiteElo "2429"]
[BlackElo "2219"]
[TimeControl "180+1"]
[EndTime "14:57:02 PST"]
[Termination "Cambek64 won by checkmate"]

1. Nf3 Nf6 2. c4 c6 3. Nc3 d5 4.
d4 e6 5. Bg5 Nbd7 6. e3 Qa5 7.
Nd2 Bb4 8. Qc2 h6 9. Bh4 c5 10. Nb3 Qa4 11. Kd1 Bxc3 12. Qxc3 cxd4 13. exd4 O-O 14. c5 Ne4 15. Qc2 e5 16. f3 Nef6 17.
Bf2 exd4 18. Bxd4 Re8 19. Bd3 Ne5 20. Re1 Nxd3 21. Rxe8+ Nxe8 22. Qxd3 Be6 23. Ke2 Nc7 24. Kf2 Re8 25. a3 Bd7 26. Re1 Rxe1 27. Kxe1 Bb5 28. Qc3 Ne6 29. Kf2 Bc4 30. Nd2 Qd1 31. Kg3 Ba6 32.
Bf2 Qe2 33. Nb3 h5 34. h4 g5 35. Qe3 gxh4+ 36. Kxh4 Qxe3 37. Bxe3 Bc4 38. Nd2 Bb5 39. Kxh5 d4 40. Bf2 Kg7 41. b4 f5 42. g4 Kf6 43.
g5+ Nxg5 44. Bh4 Ke6 45. Bxg5 Kd5 46. Kg6 Bd7 47. Kf6 d3 48. Ke7 Bc8 49. Kd8 Be6 50. Kc7 b6 51. c6 Kd4 52. Kb7 Kc3 53. c7 Bd5+ 54. Kb8 Be6 55. c8=Q+ Bxc8 56. Kxc8 Kb2 57.
Kb7 Kxa3 58. Kxa7 Kxb4 59. Kxb6 Kc3 60. Kc6 Kd4 61. Kd6 Kc3 62. Ke5 Kc2 63. Kxf5 Kd1 64. Ke4 Ke2 65. Be3 Ke1 66. Kxd3 Kd1 67. f4 Kc1 68. f5 Kb2 69. f6 Ka3 70. f7 Kb4 71.
f8=Q+ Kb5 72. Qc8 Kb4 73. Qc4+ Ka3 74. Qb3# 1-0

[Event "Late-Titled-Tuesday-Blitz-February-20-2024"]
[Site "Chess.com"]
[Date "2024.02.20"]
[Round "5"]
[White "Ajedrez_con_German"]
[Black "KorolDimitriy75"]
[Result "1-0"]
[WhiteElo "2644"]
[BlackElo "2417"]
[TimeControl "180+1"]
[EndTime "14:57:10 PST"]
[Termination "Ajedrez_con_German won by checkmate"]

1. e4 c5 2. Nf3 d6 3. d3 g6 4. g3 Bg7 5. Bg2 Nc6 6. O-O e5 7. c3 Nge7 8. a3 O-O 9. b4 h6 10. Bb2 Kh7 11. Nh4 f5 12. exf5 Nxf5 13. Nxf5 Bxf5 14.
Qe2 Qd7 15. Nd2 Rae8 16. Ne4 b6 17. bxc5 dxc5 18. a4 Rd8 19. Rfd1 Rf7 20. f3 Qc7 21. Bf1 Rdf8 22. Bg2 Rd8 23. Qc2 Rfd7 24. Bf1 Rf8 25. Qb3 Rdf7 26. Bg2 Rd7 27. c4 Rfd8 28. Rd2 Nb4 29.
Rad1 a5 30. Bf1 Qc6 31. Bc3 Qc7 32. Ba1 Qc6 33. Bc3 Qc7 34. Bxb4 axb4 35. Be2 Qc6 36. Kg2 Ra7 37. Ra1 Rda8 38. Rda2 Qd7 39. a5 Bxe4 40.
fxe4 Rxa5 41. Rxa5 Rxa5 42. Rxa5 bxa5 43. Bd1 Qd4 44.
Bf3 Qa1 45. Bd1 Qd4 46. Bf3 Qa1 47. Bd1 h5 48. h4 Bh6 49. Bc2 Be3 50. Bd1 Bd4 51.
Qa4 Qb2+ 52. Bc2 Qc1 53. Bd1 Qd2+ 54. Kh3 Qe1 55. Bf3 Qf1+ 56. Bg2 Qxd3 57. Qd7+ Kh6 58.
Qe7 Qe3 59. Qf8+ Kh7 60. Qf7+ Kh6 61. Qg8 g5 62. Qh8+ Kg6 63. Qg8+ Kf6 64. Qf8+ Kg6 65. Qf5+ Kh6 66. Qf6+ Kh7 67. Qf7+ Kh6 68. Qf6+ Kh7 69.
hxg5 b3 70. g6+ Kh6 71. g7+ Kh7 72. Qf7 Qg5 73. g8=Q+ Kh6 74. Qh8# 1-0